 Dungeon Crawl Stone Soup version 0.20.1-1-g8b1a95d (webtiles) character file.

279 Schiappus the Ducker (level 6, 0/91 HPs)
             Began as a Troll Berserker on Nov 27, 2017.
             Was a Believer of Trog.
             Slain by Menkaure (14 damage)
             ... on level 4 of the Dungeon.
             The game lasted 00:07:18 (2867 turns).

Schiappus the Ducker (Troll Berserker)              Turns: 2867, Time: 00:07:18

Health: 0/91       AC:  5    Str: 33    XL:     6   Next: 5%
Magic:  5/5        EV:  8    Int:  3    God:    Trog [**....]
Gold:   150        SH:  9    Dex:  9    Spells: 5/5 levels left

rFire    . . .     SeeInvis .   a - +0 hand axe
rCold    . . .     Gourm    +   h - +0 shield
rNeg     . . .     Faith    .   b - +0 animal skin
rPois    .         Spirit   .   (helmet restricted)
rElec    .         Reflect  .   (no cloak)
rCorr    .         Harm     .   (gloves unavailable)
MR       .....                  (boots unavailable)
Stlth    ..........             (no amulet)
Regen    0.7/turn               (no ring)
MPRegen  0.1/turn               (no ring)

@: berserking, very quick
A: unfitting armour, claws 3, fast metabolism 3, gourmand, regeneration 1,
shaggy fur 1, tough skin 2
a: Berserk, Trog's Hand, Burn Spellbooks, Renounce Religion


You were on level 4 of the Dungeon.
You worshipped Trog.
Trog was pleased with you.
You were not hungry.

You visited 1 branch of the dungeon, and saw 4 of its levels.

You collected 150 gold pieces.

Inventory:

Hand Weapons
 a - a +0 hand axe (weapon)
Armour
 b - a +0 animal skin (worn)
 h - a +0 shield (worn)
Wands
 s - a wand of lightning (10/15)
Scrolls
 e - a scroll of recharging {unknown}
 f - 3 scrolls of teleportation {unknown}
 g - 3 scrolls of amnesia {unknown}
 k - 2 scrolls of remove curse {unknown}
 n - 4 scrolls of identify {unknown}
 p - a scroll of fear {unknown}
 q - 2 scrolls of immolation {unknown}
Potions
 d - a potion of mutation {unknown}
 i - a potion of haste {unknown}
 l - 2 potions of curing {unknown}
 o - a potion of flight {unknown}
 r - a potion of lignification {unknown}
Comestibles
 c - 6 bread rations
 j - 3 meat rations
 m - 3 fruits


   Skills:
 + Level 3.2 Fighting
 + Level 3.4 Axes
 + Level 3.6 Dodging
 + Level 0.5 Stealth
 + Level 2.0 Shields


You had 5 spell levels left.
You didn't know any spells.

Dungeon Overview and Level Annotations

Branches:
Dungeon (4/15)
 Temple: D:4-7

Altars:
Makhleb
Okawaru

Annotations:
D:4 Menkaure


Innate Abilities, Weirdness & Mutations

You are too large for most types of armour.
You have claws for hands.
Your metabolism is lightning-fast.
You like to eat raw meat.
Your natural rate of healing is unusually fast.
You are covered in fur. (AC +1)
You have very tough skin. (AC +2)


Message History

You block Menkaure's attack.
You hit Menkaure.
Menkaure is moderately damaged.
Menkaure barely misses you. Menkaure hits you but does no damage.
You closely miss Menkaure.
Menkaure is moderately damaged.
Menkaure calls on the powers of darkness!
Your body is wracked with pain!
You hit Menkaure.
Menkaure is heavily damaged.
Menkaure hits you!!
* * * LOW HITPOINT WARNING * * *
Menkaure barely misses you.
A red film seems to cover your vision as you go berserk!
You feel yourself moving faster!
You feel mighty!
You feel a lot more hungry. Menkaure closely misses you.
You slash Menkaure!
Menkaure is almost destroyed.
Menkaure hits you!
You die...

##....##....#.##.#.# #.#.#
+.....#....#.##...####.#.#
#...#.#....#.#####.. #.#.#
#...#.#....#.# .# #.#.#
#####......#.#####.#
#.#.##### ##.............#
#.#.....#
.....#+##.###.###.#.#####.#
....#.# #.#..?....#.....#.#
......#.#
#..^@.....#####.#.#
##....#......##M..##.#
#.#.# #....##.##(.#.....#
#.#.# #.... ........_....
#.#.# #....#.....#..#
#.#.## #..#.##...##.##
#....# ##.#....... # ######
#... .....#


You could see Menkaure.

Vanquished Creatures
  A hound (D:2)
  Jessica (D:2)
  Ijyb (D:4)
  2 worker ants (D:4)
  3 gnolls (D:3)
  6 adders
  A worm (D:2)
  2 dart slugs
  8 leopard geckos
  An orc (D:3)
  6 bats
  5 giant cockroaches
  5 goblins
  A hobgoblin (D:1)
  A ball python (D:1)
  6 frilled lizards
  7 kobolds
  5 rats
62 creatures vanquished.

Notes
Turn   | Place    | Note
-------+----------+-------------------------------------------
     0 | D:1      | Schiappus the Troll Berserker began the quest for the Orb.
     0 | D:1      | Reached XP level 1. HP: 22/22 MP: 0/0
   149 | D:1      | Reached XP level 2. HP: 28/29 MP: 1/1
   757 | D:1      | Reached ** piety under Trog
   791 | D:2      | Reached XP level 3. HP: 27/36 MP: 2/2
   844 | D:2      | Noticed Jessica
   875 | D:2      | Killed Jessica
   933 | D:2      | Reached XP level 4. HP: 28/44 MP: 3/3
  1047 | D:2      | Found a burning altar of Makhleb.
  1373 | D:2      | Reached skill level 1 in Shields
  1461 | D:3      | Reached XP level 5. HP: 38/53 MP: 4/4
  2706 | D:4      | Noticed Ijyb
  2736 | D:4      | Killed Ijyb
  2794 | D:4      | Reached XP level 6. HP: 34/61 MP: 5/5
  2857 | D:4      | Found an iron altar of Okawaru.
  2858 | D:4      | Noticed Menkaure
  2867 | D:4      | Slain by Menkaure

Skill      XL: |  1  2  3  4  5 |
---------------+----------------+-----
Dodging        | 3 |  3.6
Axes           | 3 |  3.4
Shields        | 1 2 |  2.0
Fighting       | 3 |  3.2
Stealth        | |  0.5

Action                   |  1- 3 |  4- 6 || total
-------------------------+-------+-------++-------
Melee: Hand axe          |    91 |   195 ||   286
Invok: Berserk           |       |     2 ||     2
  Eat: Chunk             |    14 |    14 ||    28
Armor: Animal skin       |    39 |    59 ||    98
Dodge: Dodged            |    46 |    77 ||   123
Block: Shield            |    27 |    97 ||   124
